[ AOE2 MATCH · #505500309 ]
UnrankedJapanese vs Mongols
Player's team · WIN
Rival team · LOSS
[ REPLAY ANALYSIS · EXTRACTED FROM THE RECORDED GAME ]
Feudal
13:39
Castle
32:11
Imperial
—
| APM avg | 72.1 |
| APM peak | 122 |
| eAPM avg | 26.7 |
| Villagers / military | 39 / 52 |
Focus
⚔️ 26.1% · 🌾 73.9%
Skirmisher ×37 · Militia ×14 · Fishing Ship ×8 · Archer ×1
Feudal
12:03
Castle
28:02
Imperial
—
| APM avg | 45.3 |
| APM peak | 94 |
| eAPM avg | 13.6 |
| Villagers / military | 50 / 41 |
Focus
⚔️ 29.2% · 🌾 70.8%
Archer ×29 · Skirmisher ×8 · Militia ×4
Match map
Initial resources + every placement click. Lines = walls · curves = elevation contours. ◆ gold · ⬟ stone · ● berries · ✦ relic · ◌ wall gap
Your base· Open — 7t gap
DS_Rene Lavand's base· Open — unwalled flank
Smoothed initial terrain · ◌ = detected wall gap · hover for details
Inputs per minute
— WoRLDDeViL - - DS_Rene Lavand
Build order — WoRLDDeViL
First 150 of 152 actions detected
| 0:11 | Build | House |
| 0:34 | Build | Town Center |
| 2:36 | Queue | Villager (Male) |
| 2:43 | Queue | Villager (Male) |
| 3:01 | Build | Dock |
| 3:04 | Queue | Villager (Male) |
| 3:18 | Queue | Villager (Male) |
| 3:49 | Research | Loom |
| 4:02 | Queue | Fishing Ship |
| 4:07 | Build | House |
| 4:17 | Queue | Villager (Male) |
| 4:46 | Queue | Villager (Male) |
| 5:12 | Queue | Villager (Male) |
| 5:44 | Queue | Villager (Male) |
| 6:06 | Queue | Fishing Ship |
| 6:09 | Queue | Villager (Male) |
| 6:16 | Build | House |
| 6:36 | Queue | Villager (Male) |
| 6:56 | Queue | Fishing Ship |
| 6:58 | Queue | Villager (Male) |
| 7:24 | Queue | Villager (Male) |
| 7:30 | Build | House |
| 7:46 | Queue | Villager (Male) |
| 7:48 | Queue | Fishing Ship |
| 8:14 | Queue | Villager (Male) |
| 8:35 | Queue | Villager (Male) |
| 8:44 | Build | House |
| 8:46 | Queue | Villager (Male) |
| 9:03 | Build | Lumber Camp |
| 9:15 | Queue | Fishing Ship |
| 9:16 | Queue | Villager (Male) |
| 9:36 | Build | House |
| 9:46 | Queue | Villager (Male) |
| 9:46 | Queue | Fishing Ship |
| 9:50 | Build | House |
| 10:11 | Queue | Villager (Male) |
| 10:31 | Queue | Villager (Male) |
| 11:29 | Research | Feudal Age |
| 11:38 | Build | Barracks |
| 11:50 | Queue | Villager (Male) |
| 12:07 | Queue | Militia |
| 12:13 | Queue | Villager (Male) |
| 12:33 | Queue | Militia |
| 12:46 | Queue | Villager (Male) |
| 12:51 | Queue | Militia |
| 12:54 | Build | House |
| 12:59 | Build | House |
| 13:03 | Build | House |
| 13:04 | Queue | Militia |
| 13:39 | Age | Feudal Age |
| 13:45 | Build | Archery Range |
| 13:54 | Queue | Militia |
| 14:17 | Research | Man-at-Arms (upgrade) |
| 14:22 | Queue | Villager (Male) |
| 14:52 | Queue | Skirmisher |
| 15:02 | Build | Blacksmith |
| 15:04 | Queue | Skirmisher |
| 15:13 | Queue | Militia |
| 15:20 | Queue | Skirmisher |
| 15:25 | Queue | Militia |
| 15:37 | Queue | Skirmisher |
| 15:40 | Queue | Militia |
| 15:44 | Queue | Skirmisher |
| 16:06 | Queue | Militia |
| 16:12 | Queue | Skirmisher |
| 16:25 | Queue | Militia |
| 16:25 | Queue | Skirmisher |
| 16:29 | Build | Watch Tower |
| 16:38 | Queue | Skirmisher |
| 17:11 | Queue | Skirmisher |
| 17:19 | Research | Fletching |
| 17:34 | Queue | Skirmisher |
| 17:41 | Queue | Skirmisher |
| 17:52 | Queue | Villager (Male) |
| 17:55 | Queue | Skirmisher |
| 18:03 | Queue | Militia |
| 18:23 | Queue | Skirmisher |
| 18:31 | Queue | Skirmisher |
| 18:56 | Queue | Skirmisher |
| 18:57 | Queue | Villager (Male) |
| 19:05 | Queue | Militia |
| 19:22 | Queue | Villager (Male) |
| 19:30 | Queue | Villager (Male) |
| 19:42 | Build | Mill |
| 19:47 | Queue | Skirmisher |
| 20:15 | Queue | Skirmisher |
| 20:18 | Queue | Villager (Male) |
| 20:37 | Queue | Skirmisher |
| 20:39 | Queue | Villager (Male) |
| 20:46 | Queue | Skirmisher |
| 20:56 | Queue | Militia |
| 21:11 | Build | Archery Range |
| 21:14 | Build | House |
| 21:18 | Queue | Villager (Male) |
| 21:33 | Research | Arson |
| 21:41 | Queue | Skirmisher |
| 21:58 | Queue | Villager (Male) |
| 22:01 | Queue | Skirmisher |
| 22:17 | Queue | Fishing Ship |
| 22:47 | Build | Watch Tower |
| 22:53 | Queue | Villager (Male) |
| 23:38 | Build | Farm |
| 23:38 | Build | Farm |
| 23:38 | Build | Farm |
| 23:38 | Build | Farm |
| 23:39 | Build | Farm |
| 23:42 | Queue | Skirmisher |
| 24:07 | Build | Watch Tower |
| 25:04 | Queue | Villager (Male) |
| 25:10 | Queue | Skirmisher |
| 25:10 | Queue | Skirmisher |
| 25:27 | Build | Dock |
| 25:37 | Queue | Skirmisher |
| 25:37 | Queue | Skirmisher |
| 26:28 | Queue | Skirmisher |
| 26:28 | Queue | Skirmisher |
| 26:28 | Queue | Villager (Male) |
| 26:33 | Build | Mill |
| 26:36 | Queue | Fishing Ship |
| 26:40 | Build | House |
| 26:40 | Build | House |
| 26:45 | Build | Fish Trap |
| 26:55 | Build | Farm |
| 26:56 | Build | Farm |
| 27:05 | Queue | Skirmisher |
| 27:15 | Queue | Militia |
| 27:52 | Queue | Villager (Male) |
| 28:05 | Build | Farm |
| 28:07 | Build | Farm |
| 28:13 | Queue | Skirmisher |
| 28:14 | Queue | Skirmisher |
| 28:14 | Queue | Skirmisher |
| 28:25 | Build | Market |
| 28:45 | Queue | Villager (Male) |
| 28:57 | Build | Farm |
| 29:31 | Research | Castle Age |
| 29:32 | Research | Castle Age |
| 29:43 | Build | Stone Wall |
| 29:57 | Build | Stone Wall |
| 30:13 | Queue | Skirmisher |
| 30:14 | Queue | Skirmisher |
| 30:24 | Build | Lumber Camp |
| 30:29 | Queue | Skirmisher |
| 30:30 | Queue | Skirmisher |
| 30:30 | Queue | Archer |
| 30:36 | Queue | Skirmisher |
| 30:45 | Queue | Villager (Male) |
| 30:58 | Build | House |
| 31:08 | Queue | Villager (Male) |
| 31:31 | Build | Mining Camp |
Build order — DS_Rene Lavand
First 150 of 152 actions detected
| 0:23 | Build | House |
| 0:53 | Build | Town Center |
| 1:55 | Build | House |
| 3:13 | Queue | Villager (Male) |
| 3:13 | Queue | Villager (Male) |
| 3:13 | Queue | Villager (Male) |
| 3:13 | Queue | Villager (Male) |
| 3:14 | Queue | Villager (Male) |
| 4:13 | Queue | Villager (Male) |
| 4:30 | Queue | Villager (Male) |
| 5:01 | Queue | Villager (Male) |
| 5:40 | Queue | Villager (Male) |
| 5:41 | Queue | Villager (Male) |
| 6:33 | Queue | Villager (Male) |
| 7:01 | Queue | Villager (Male) |
| 7:01 | Queue | Villager (Male) |
| 7:02 | Queue | Villager (Male) |
| 7:09 | Build | House |
| 7:12 | Build | Barracks |
| 7:58 | Queue | Villager (Male) |
| 7:58 | Queue | Villager (Male) |
| 8:00 | Queue | Villager (Male) |
| 8:01 | Research | Loom |
| 8:07 | Build | Mill |
| 9:49 | Research | Feudal Age |
| 9:56 | Build | House |
| 10:18 | Queue | Militia |
| 10:19 | Queue | Militia |
| 10:19 | Queue | Militia |
| 11:21 | Research | Loom |
| 12:03 | Age | Feudal Age |
| 12:05 | Research | Man-at-Arms (upgrade) |
| 12:06 | Queue | Villager (Male) |
| 12:09 | Build | Archery Range |
| 12:14 | Queue | Villager (Male) |
| 12:14 | Queue | Villager (Male) |
| 12:19 | Build | House |
| 12:32 | Queue | Militia |
| 12:59 | Queue | Archer |
| 12:59 | Queue | Archer |
| 12:59 | Queue | Archer |
| 12:59 | Queue | Archer |
| 13:27 | Queue | Villager (Male) |
| 14:11 | Queue | Archer |
| 14:11 | Queue | Archer |
| 14:17 | Build | Blacksmith |
| 14:26 | Queue | Archer |
| 14:27 | Queue | Archer |
| 14:29 | Queue | Villager (Male) |
| 14:29 | Queue | Villager (Male) |
| 14:36 | Build | Mill |
| 14:53 | Research | Fletching |
| 14:53 | Queue | Villager (Male) |
| 14:56 | Build | House |
| 15:35 | Queue | Skirmisher |
| 15:36 | Queue | Skirmisher |
| 15:38 | Build | Watch Tower |
| 16:24 | Queue | Archer |
| 16:24 | Queue | Archer |
| 16:25 | Queue | Archer |
| 16:31 | Build | Palisade Wall |
| 16:32 | Build | Palisade Wall |
| 17:13 | Build | Archery Range |
| 17:14 | Queue | Villager (Male) |
| 17:15 | Queue | Villager (Male) |
| 17:21 | Queue | Villager (Male) |
| 17:26 | Build | Mining Camp |
| 17:42 | Research | Padded Archer Armor |
| 17:42 | Queue | Villager (Male) |
| 17:44 | Queue | Skirmisher |
| 17:44 | Queue | Skirmisher |
| 17:53 | Build | Market |
| 18:04 | Queue | Archer |
| 18:05 | Queue | Archer |
| 18:09 | Build | House |
| 18:10 | Build | House |
| 18:20 | Queue | Skirmisher |
| 18:21 | Queue | Skirmisher |
| 18:21 | Queue | Skirmisher |
| 18:22 | Build | House |
| 19:01 | Build | Watch Tower |
| 19:03 | Queue | Archer |
| 19:10 | Build | Farm |
| 19:11 | Build | Farm |
| 19:34 | Build | House |
| 19:46 | Queue | Villager (Male) |
| 19:48 | Queue | Villager (Male) |
| 19:48 | Queue | Villager (Male) |
| 19:48 | Queue | Villager (Male) |
| 20:22 | Queue | Archer |
| 20:22 | Queue | Archer |
| 20:23 | Build | Watch Tower |
| 20:24 | Queue | Villager (Male) |
| 20:29 | Queue | Archer |
| 20:37 | Queue | Archer |
| 20:38 | Queue | Villager (Male) |
| 20:59 | Build | Watch Tower |
| 21:28 | Build | Watch Tower |
| 21:34 | Queue | Villager (Male) |
| 21:36 | Queue | Archer |
| 21:37 | Queue | Villager (Male) |
| 21:42 | Build | Farm |
| 22:02 | Queue | Archer |
| 22:02 | Queue | Archer |
| 22:02 | Queue | Archer |
| 22:02 | Queue | Archer |
| 22:31 | Queue | Villager (Male) |
| 23:37 | Build | Watch Tower |
| 23:55 | Queue | Villager (Male) |
| 24:32 | Build | Farm |
| 24:36 | Build | Farm |
| 25:22 | Research | Castle Age |
| 25:40 | Queue | Archer |
| 25:42 | Queue | Skirmisher |
| 26:09 | Build | Mining Camp |
| 26:50 | Research | Forging |
| 26:56 | Research | Gold Mining |
| 28:02 | Age | Castle Age |
| 28:18 | Build | Watch Tower |
| 28:22 | Research | Bodkin Arrow |
| 28:32 | Build | Town Center |
| 28:47 | Queue | Archer |
| 28:47 | Queue | Archer |
| 28:47 | Queue | Archer |
| 28:47 | Queue | Archer |
| 28:48 | Queue | Archer |
| 28:49 | Queue | Villager (Male) |
| 29:13 | Build | Farm |
| 29:14 | Build | Farm |
| 29:14 | Build | Farm |
| 29:14 | Build | Farm |
| 29:14 | Build | Farm |
| 29:15 | Build | Farm |
| 29:15 | Build | Farm |
| 29:40 | Queue | Villager (Male) |
| 29:51 | Build | Farm |
| 30:07 | Build | House |
| 30:09 | Build | House |
| 30:10 | Build | House |
| 30:23 | Research | Crossbowman (upgrade) |
| 30:44 | Queue | Villager (Male) |
| 30:54 | Queue | Villager (Male) |
| 30:55 | Queue | Villager (Male) |
| 31:02 | Build | Farm |
| 31:22 | Build | Siege Workshop |
| 31:26 | Queue | Villager (Male) |
| 31:40 | Queue | Villager (Male) |
| 31:41 | Queue | Villager (Male) |
| 31:41 | Queue | Villager (Male) |
| 31:42 | Queue | Villager (Male) |
Match timeline
| 3:01 | WoRLDDeViL · first_building Dock |
| 7:12 | DS_Rene Lavand · first_building Barracks |
| 11:38 | WoRLDDeViL · first_building Barracks |
| 12:03 | DS_Rene Lavand · age_up feudal |
| 12:09 | DS_Rene Lavand · first_building Archery Range |
| 13:39 | WoRLDDeViL · age_up feudal |
| 13:45 | WoRLDDeViL · first_building Archery Range |
| 16:31 | DS_Rene Lavand · wall_segment Palisade Wall x1 |
| 16:32 | DS_Rene Lavand · wall_segment Palisade Wall x1 |
| 19:36 | DS_Rene Lavand · first_market_sell 100 wood |
| 19:38 | DS_Rene Lavand · first_market_buy 100 food |
| 28:02 | DS_Rene Lavand · age_up castle |
| 29:22 | WoRLDDeViL · first_market_buy 100 food |
| 29:24 | WoRLDDeViL · first_market_sell 100 wood |
| 29:43 | WoRLDDeViL · wall_segment Stone Wall x6 |
| 29:57 | WoRLDDeViL · wall_segment Stone Wall x7 |
| 31:22 | DS_Rene Lavand · first_building Siege Workshop |
| 32:11 | WoRLDDeViL · age_up castle |
| 32:36 | DS_Rene Lavand · resign |
[ AI ANALYSIS · 1 CREDIT ]
What really happened in this match?
Wolo.gg analyzes every decision: build order, eco, micro, common mistakes by bracket. Personalized analysis on WhatsApp or Discord in 30 seconds.
Civ guide
Japanese
Perfil
Jugador #1421064